 Dungeon Crawl Stone Soup version 0.18.1-5-g4a78601 (webtiles) character file.

69 Heskey the Bolt Thrower (level 4, -1/37 HPs)
             Began as a Centaur Hunter on May 12, 2016.
             Succumbed to an adder's poison
             ... on level 2 of the Dungeon.
             The game lasted 00:04:35 (1514 turns).

Heskey the Bolt Thrower (Centaur Hunter)            Turns: 1514, Time: 00:04:35

Health: -1/37      AC:  4    Str: 15    XL:     4   Next: 2%
Magic:  4/4        EV: 14    Int: 10    God:
Gold:   63         SH:  3    Dex: 15    Spells: 0 memorised, 3 levels left

rFire  . . .     SeeInvis .     b - +0 short sword
rCold  . . .     Gourm    .     c - +0 leather armour
rNeg   . . .     Faith    .     k - +0 buckler
rPois  .         Spirit   .     (no helmet)
rElec  .         Dismiss  .     (no cloak)
rCorr  .         Reflect  .     (no gloves)
SustAt .         Harm     .     (no barding)
MR     .....                    (no amulet)
Stlth  ++........               (no ring)
                                (no ring)

@: agile, lethally poisoned (-1 -> -16), flying, very quick, not resistant to
hostile enchantments, unstealthy
A: hooves 3, deformed body, speed 2, tough skin 3
a: no special abilities


You were on level 2 of the Dungeon.
You were not hungry.

You visited 1 branch of the dungeon, and saw 2 of its levels.

You collected 63 gold pieces.

Inventory:

Hand Weapons
 a - a +1 hand crossbow
 b - a +0 short sword (weapon)
Missiles
 d - 8 bolts
Armour
 c - a +0 leather armour (worn)
 k - a +0 buckler (worn)
Scrolls
 g - 2 scrolls of recharging
Comestibles
 f - a bread ration
 h - a chunk of flesh


   Skills:
 + Level 2.8 Fighting
 + Level 4.8 Crossbows
 + Level 1.3 Armour
 + Level 1.8 Dodging
 - Level 0.5 Stealth


You had 3 spell levels left.
You didn't know any spells.

Dungeon Overview and Level Annotations

Branches:
Dungeon (2/15)

Altars:


Innate Abilities, Weirdness & Mutations

You have hooves in place of feet.
Armour fits poorly on your strangely shaped body.
You cover ground very quickly.
You have extremely tough skin (AC +3).


Message History

You are more poisoned.
The adder poisons you!
You are too injured to fight recklessly!
Read which item? (? for menu, Esc to quit)
As you read the scroll labeled TYAMAE TIHISCH, it crumbles to dust.
It is a scroll of identify.
Identify which item? (\ to view known items) (? for menu, Esc to quit)
g - 2 scrolls of recharging
* * * LOW HITPOINT WARNING * * *
You feel sick. The adder bites you.
* * * LOW HITPOINT WARNING * * *
You hit the adder but do no damage.
The adder is almost dead.
* * * LOW HITPOINT WARNING * * *
You feel sick. The adder barely misses you. x2
You completely miss the adder. You kick the adder.
You kill the adder!
You have reached level 4!
You feel agile.
You die...

.....####........#
.....####........#
............†....#
##'#.)....########
#.#......#
#.#......+
##.#......########
..>..........Kg†.#
############(###@#
[..((.(Kg(S...##.#
.###########..##..
.# #..###!# .####
#..# .# ....# #..#
.. ###.# #..# #. #
..(. .. ###


You could see a hobgoblin and a kobold.

Vanquished Creatures
  Ijyb (D:2)
  2 adders (D:2)
  2 giant cockroaches (D:1)
  2 goblins (D:1)
  A hobgoblin (D:2)
  4 jackals (D:1)
  6 kobolds (D:1)
  4 bats (D:1)
  3 rats
25 creatures vanquished.

Notes
Turn   | Place    | Note
--------------------------------------------------------------
     0 | D:1      | Heskey the Centaur Hunter began the quest for the Orb.
     0 | D:1      | Reached XP level 1. HP: 17/17 MP: 1/1
     6 | D:1      | Noticed an iguana
     6 | D:1      | Noticed a rime drake
     6 | D:1      | Noticed a water moccasin
     7 | D:1      | Noticed a killer bee
     7 | D:1      | Noticed a wolf
   476 | D:1      | Reached XP level 2. HP: 12/24 MP: 2/2
  1195 | D:1      | Reached skill level 1 in Armour
  1349 | D:2      | Reached XP level 3. HP: 30/30 MP: 3/3
  1442 | D:2      | Noticed Ijyb
  1494 | D:2      | Killed Ijyb
  1513 | D:2      | HP: 1/30 [poisoned by an adder]
  1514 | D:2      | Reached XP level 4. HP: 1/37 MP: 4/4
  1514 | D:2      | Succumbed to an adder's poison

Skill      XL: |  1  2 |
---------------+-------+-----
Armour         | 1 |  1.3
Fighting       | |  2.8
Crossbows      | |  4.8
Dodging        | |  1.8
Stealth        | |  0.5

Action                   |  1- 3 |  4- 6 || total
-------------------------+-------+-------++-------
Melee: Short sword       |    78 |       ||    78
       Kick              |    17 |       ||    17
 Fire: Hand crossbow     |    31 |       ||    31
  Use: Potion            |     2 |       ||     2
       Scroll            |     1 |       ||     1
  Eat: Chunk             |     1 |       ||     1
Armor: Leather armour    |    43 |       ||    43
Dodge: Dodged            |    52 |       ||    52
Block: Buckler           |     3 |       ||     3
